 Dungeon Crawl Stone Soup version 0.31.0-32-g396128a36d (webtiles) character file.

Game seed: 16395550571987135789

326 abcrawler the Cudgeller (level 6, -3/37 HPs)
             Began as a Gargoyle Fighter on Mar 16, 2024.
             Was an Initiate of Okawaru.
             Slain by an ogre
             ... wielding a +0 giant club
              (25 damage)
             ... on level 4 of the Dungeon.
             The game lasted 00:13:31 (3043 turns).

abcrawler the Cudgeller (Gargoyle Fighter)          Turns: 3043, Time: 00:13:32

Health: -3/37      AC: 13    Str: 19    XL:     6   Next: 49%
Magic:  6/6        EV:  9    Int:  9    God:    Okawaru [......]
Gold:   238        SH:  0    Dex: 11    Spells: 5/5 levels left

rFire   . . .        a - +0 flail
rCold   . . .        (no shield)
rNeg    + . .        b - +0 scale mail
rPois   ∞            (no helmet)
rElec   +            s - +0 cloak
rCorr   .            n - +0 pair of gloves
SInv    .            (no boots)
Will    .....        (no amulet) Stlth
                     (no ring)
HPRegen 0.26/turn    (no ring)
MPRegen 0.10/turn

%: no passive effects
@: no status effects
A: sickness immunity, AC +4, negative energy resistance 1, electricity
resistance, torment resistance 1, petrification resistance
a: Renounce Religion


You were on level 4 of the Dungeon.
You worshipped Okawaru.
Okawaru was noncommittal.
You visited 2 branches of the dungeon, and saw 5 of its levels.

You collected 258 gold pieces.
You spent 20 gold pieces at shops.

Inventory:

Hand Weapons
 a - a +0 flail (weapon)
 p - a +0 sling
   (You found it on level 4 of the Dungeon)
Missiles
 j - 25 stones (quivered)
 q - 4 poisoned darts
Armour
 b - a +0 scale mail (worn)
 n - a +0 pair of gloves (worn)
   (You found it on level 2 of the Dungeon)
 s - a +0 cloak (worn)
   (You found it on level 4 of the Dungeon)
Wands
 t - a wand of flame (11)
   (You took it off Natasha on level 3 of the Dungeon)
Scrolls
 e - 2 scrolls of poison {unknown}
 f - a scroll of vulnerability {unknown}
 g - a scroll of blinking {unknown}
 l - a scroll of enchant armour {unknown}
 o - a scroll of torment {unknown}
 r - a scroll of amnesia {unknown}
 u - a scroll of enchant weapon {unknown}
Potions
 c - 2 potions of haste {@q3}
 d - a potion of might
 h - a potion of cancellation
 i - a potion of ambrosia {unknown}
 k - 2 potions of heal wounds {unknown}
 m - 2 potions of curing {unknown}


   Skills:
 - Level 3.2 Fighting
 + Level 6.7 Maces & Flails
 - Level 3.2 Armour
 - Level 3.2 Shields


You had 5 spell levels left.
You didn't know any spells.
Your spell library contained the following spells:

 Spells                   Type           Power      Damage    Failure   Level
 Volatile Blastmotes      Fire/Tloc      0%         2d10      98%         3
 Ignite Poison            Fire/Alch      0%         N/A       100%        4
 Freezing Cloud           Conj/Ice/Air   0%         6-21      100%        5
 Cigotuvi's Dreadful Rot  Necr/Alch/Air  Unusable   N/A       N/A         2
 Animate Armour           Summ/Erth      Unusable   N/A       N/A         4
 Summon Mana Viper        Hex/Summ       Unusable   N/A       N/A         5

Dungeon Overview and Level Annotations

Branches:
Dungeon (4/15)             Temple (1/1) D:4

Altars:
Ashenzari
Cheibriados
Fedhas
Gozag
Hepliaklqana
Okawaru
Qazlal
Ru
Sif Muna
Trog
Vehumet
Wu Jian
Xom
Yredelemnul
Zin

Shops:
D:1 **:?   D:4 *


Innate Abilities, Weirdness & Mutations

You are immune to sickness and miasma.
Your stone body is resilient. (AC +4)
You are immune to poison.
You resist negative energy. (rN+)
You are resistant to electric shocks. (rElec)
You are resistant to unholy torment.
You are immune to petrification.


Message History

Found an escape hatch in the floor and an escape hatch in the ceiling.
j - 25 stones (gained 3)
You now have 221 gold pieces (gained 7).
Found a fuming ruby potion.
Found a sling.
Found a robe.
k - 2 fuming ruby potions (gained 1)
Found a chain mail.
A kobold and a ball python come into view.
Found a cloak.
The kobold shouts!
The kobold moves out of view.
A ball python is nearby!
A ball python is nearby!
The ball python bites you but does no damage.
The ball python grabs you. The ball python constricts you.
The kobold barely misses you.
You thump the ball python!
You kill the ball python!
Okawaru accepts your kill. The kobold hits you with a +0 whip.
You sock the kobold!
You kill the kobold!
Okawaru accepts your kill.
Things that are here:
a +0 whip; a kobold corpse You see here a +0 sling.
p - a +0 sling
Things that are here:
a +0 whip; a kobold corpse You see here a +0 cloak.
s - a +0 cloak You start putting on your armour.
You continue putting on your +0 cloak. x4
You finish putting on your +0 cloak.
Found 17 gold pieces.
You now have 238 gold pieces (gained 17).
Found a scroll labelled MOTYGG REGH.
u - a scroll labelled MOTYGG REGH An ogre comes into view.
It is wielding a +0 giant club.
The ogre shouts!
The ogre moves out of view.
An ogre is nearby!
You completely miss the ogre. The ogre barely misses you.
You hit the ogre. You hit the ogre. The ogre hits you with a +0 giant club!
You barely miss the ogre. The ogre barely misses you.
You hit the ogre but do no damage.
The ogre hits you with a +0 giant club!!
Ouch! That really hurt!
You die...

###.# ###.< #...# #....
#...###†#.. ######.<.##.....
.....#......8.8. .....#...#...⌠.⌠
.........#..8.>.
#################.....#...##..⌠.⌠
................@.....#...##.8.8.
#################O....#...##.....
.....#...####### .....#####
######


You could see an ogre.

Vanquished Creatures
  A scorpion (D:3)
  Jessica (D:3)
  Natasha (thrice) (D:3)
  An orc wizard (D:3)
  2 adders (D:3)
  3 gnolls
  2 ribbon worms (D:2)
  A dart slug (D:3)
  2 orcs (D:3)
  8 endoplasms
  4 giant cockroaches
  14 goblins
  13 hobgoblins
  2 jackals (D:2)
  2 quokkas
  8 ball pythons
  2 bats
  8 frilled lizards
  7 kobolds
  4 rats
88 creatures vanquished.

Notes
Turn   | Place    | Note
-------+----------+-------------------------------------------
     0 | D:1      | abcrawler the Gargoyle Fighter began the quest for the Orb.
     0 | D:1      | Reached XP level 1. HP: 14/14 MP: 1/1
   132 | D:1      | Reached XP level 2. HP: 19/19 MP: 2/2
   318 | D:1      | Found Sucrem's Assorted Antiques.
   335 | D:1      | Reached skill level 3 in Maces & Flails
   422 | D:1      | Found Gajirr's Book Shoppe.
   432 | D:1      | Reached XP level 3. HP: 23/23 MP: 3/3
   453 | D:1      | Found Nyom's Magic Scroll Shop.
   461 | D:1      | Bought a scroll of identify for 20 gold pieces
   464 | D:1      | Got Fezounun's Precepts of Unified Movement
   520 | D:1      | Found Leodyiqu's Assorted Antiques.
  1073 | D:2      | Found a broken altar of Ashenzari.
  1139 | D:2      | Reached skill level 4 in Maces & Flails
  1424 | D:2      | Reached XP level 4. HP: 26/28 MP: 4/4
  1756 | D:3      | Found a faded altar of an unknown god.
  1854 | D:3      | Noticed Natasha
  1860 | D:3      | Killed Natasha
  1950 | D:3      | Reached skill level 5 in Maces & Flails
  1958 | D:3      | Reached XP level 5. HP: 32/32 MP: 5/5
  2185 | D:3      | Noticed Jessica
  2191 | D:3      | Noticed Natasha
  2194 | D:3      | Killed Jessica
  2200 | D:3      | Killed Natasha
  2204 | D:3      | Found an iron altar of Okawaru.
  2217 | D:3      | Became a worshipper of Warmaster Okawaru
  2343 | D:3      | Noticed Natasha
  2355 | D:3      | Killed Natasha
  2356 | D:3      | Reached skill level 6 in Maces & Flails
  2356 | D:3      | Reached XP level 6. HP: 24/37 MP: 6/6
  2574 | D:4      | Found a staircase to the Ecumenical Temple.
  2592 | Temple   | Entered the Ecumenical Temple
  2889 | D:4      | Found Gukuimoj's General Store.
  2915 | D:4      | Found a blossoming altar of Fedhas.
  3043 | D:4      | Slain by an ogre

Illustrated notes

Levels and vault maps discovered:
D:1:      erik_arrival_cave_to_civilisation [erik_arrival_cave_to_hall],
          layout_basic, serial_shops, nicolae_shop_waterfront,
          nicolae_shop_crystal, shop, nicolae_shop_back_alley_shop
D:2:      layout_basic, basic_altar, serial_bayou, serial_bayou_crossing,
          serial_bayou_pond_c, serial_bayou_ford_a, serial_bayou_pond_b,
          serial_bayou_lagoon_b, serial_bayou_pond_e
D:3:      layout_loops_ring, okawaru_trees_2,
          ebering_ecumenical_altar_petrified, mrwooster_statue_mirror,
          uniq_jessica, uniq_natasha
D:4:      layout_rooms, fedhas_ov_isle_minmay,
          minmay_temple_entry_statues_fountains, serial_shops, shop_statue
Temple:   cyrus_circular_temple

Skill      XL: |  1  2  3  4  5 |
---------------+----------------+-----
Maces & Flails | 3 4 5 6 |  6.7
Fighting       | |  3.2
Armour         | |  3.2
Shields        | |  3.2

Action                     |  1- 3 |  4- 6 || total
---------------------------+-------+-------++-------
  Melee: Flail             |   128 |   172 ||   300
         Punch             |     2 |       ||     2
  Throw: Stone             |     3 |       ||     3
    Use: Scroll            |     1 |     1 ||     2
 Armour: Scale mail        |    93 |   128 ||   221
  Dodge: Dodged            |    64 |    89 ||   153
  Block: Buckler           |     1 |       ||     1
